 Dungeon Crawl Stone Soup version 0.24-a0-244-ga6a6ab7d13 (webtiles) character file.

Game seed: 7518755953620989019

1280 Redear the Slasher (level 8, -8/66 HPs)
             Began as a Vine Stalker Warper on Apr 10, 2019.
             Was an Initiate of Cheibriados.
             Mangled by Pikel
             ... wielding a +2 whip of electrocution
              (17 damage)
             ... on level 6 of the Dungeon.
             The game lasted 00:12:41 (5708 turns).

Redear the Slasher (Vine Stalker Warper)            Turns: 5708, Time: 00:12:42

Health: -8/66      AC: 24    Str: 16    XL:     8   Next: 54%
Magic:  0/12       EV:  2    Int: 19    God:    Cheibriados [......]
Gold:   366        SH:  0    Dex: 16    Spells: 2/11 levels left

rFire    . . .     SeeInvis .   a - +0 falchion
rCold    . . .     Gourm    .   (no shield)
rNeg     + + +     Faith    .   (armour currently unavailable)
rPois    +         Spirit   +   (helmet currently unavailable)
rElec    .         Reflect  .   (cloak currently unavailable)
rCorr    .         Harm     .   (gloves currently unavailable)
MR       +....     Rnd*Rage +   (boots currently unavailable) Stlth +.........NoTele +
                                (no amulet)
HPRegen  0.61/turn              (no ring)
MPRegen  0.13/turn              (no ring)

@: brilliant, tree-form, very slow
A: berserk 1, regeneration 1, magic shield, no potion heal 3, rot immunity
a: Bend Time, Renounce Religion


You were on level 6 of the Dungeon.
You worshipped Cheibriados.
Cheibriados was noncommittal.
You were hungry.
You were a tree.
You visited 2 branches of the dungeon, and saw 7 of its levels.

You collected 366 gold pieces.

Inventory:

Hand Weapons
 a - a +0 falchion (weapon)
 c - a +0 short sword
Missiles
 g - 211 stones (quivered)
 l - 27 sling bullets
 m - 81 bolts
 s - 33 arrows
 E - 20 poisoned needles
 F - 8 javelins
Armour
 b - a +0 leather armour
 w - a +0 pair of gloves
 x - a +0 buckler
 y - a +0 cloak
 C - the +3 leather armour of Asiprah (melded) {MR- Int+3 Dex+6}
   (You found it on level 5 of the Dungeon)

   It affects your intelligence (+3).
   It affects your dexterity (+6).
   It affects your resistance to hostile enchantments.
Jewellery
 j - an uncursed ring of fire {unknown}
Scrolls
 d - a scroll of immolation {unknown}
 f - 9 scrolls of identify {unknown}
 h - 2 scrolls of teleportation {unknown}
 i - 2 scrolls of amnesia {unknown}
 k - 8 scrolls of remove curse {unknown}
 p - a scroll of enchant weapon {unknown}
 q - a scroll of enchant armour {unknown}
 t - a scroll of magic mapping {unknown}
 v - a scroll of random uselessness {unknown}
 B - a scroll of blinking {@r4}
 D - a scroll of fear {unknown}
Potions
 n - a potion of berserk rage
 u - 2 potions of mutation {!q}
Comestibles
 z - 9 rations


   Skills:
 + Level 5.5 Fighting
 + Level 5.5 Long Blades
 - Level 0.8 Throwing
 - Level 0.7 Armour
 + Level 5.1 Dodging
 - Level 2.1 Spellcasting
 - Level 3.0 Translocations


You had 2 spell levels left.
You knew the following spells:

 Your Spells              Type           Power        Failure   Level  Hunger
a - Call Imp              Summ           ##......     3%          2    ##.....
d - Blink                 Tloc           N/A          1%          2    ##.....
h - Shroud of Golubria    Chrm/Tloc      ###.......   1%          2    ##.....
j - Conjure Flame         Conj/Fire      ##......     6%          3    ###....

Your spell library contained the following spells:

 Spells                   Type           Power        Failure   Level  Hunger
 Magic Dart               Conj           ##..         2%          1    #......
 Slow                     Hex            ##......     3%          2    ##.....
 Gell's Gravitas          Tloc           ###.......   1%          3    ###....
 Lesser Beckoning         Tloc           ###.......   1%          3    ###....
 Teleport Other           Tloc           ###.....     1%          3    ###....
 Passage of Golubria      Tloc           N/A          5%          4    #####..
 Mephitic Cloud           Conj/Pois/Air  ##......     6%          3    ###....


Dungeon Overview and Level Annotations

Branches:
Dungeon (6/15)             Temple (1/1) D:6

Altars:
Cheibriados
Dithmenos
Hepliaklqana
Kikubaaqudgha
Makhleb
Okawaru
Qazlal
Ru
Sif Muna
Trog
Vehumet
Xom
Yredelemnul
Zin

Shops:
D:6 *

Annotations:
D:3 1 runed translucent door, Crazy Yiuf
D:6 Pikel


Innate Abilities, Weirdness & Mutations

((You have razor-sharp teeth.))
Your natural rate of healing is unusually fast.
When hurt, damage is shared between your health and your magic reserves.
((Your bite disrupts and absorbs the magic of your enemies.))
Potions cannot restore your health.
You are immune to rotting.
((You are partially covered in yellow scales. (AC +2)))
You tend to lose your temper in combat.


Message History

Throwing (i - inventory. (/) - cycle)
e - 2 tomahawks of dispersal (quivered)
Press: ? - help, Shift-Dir - straight line, f - Pikel, p - slave
Aim: Pikel, wielding a +2 whip of electrocution and wearing a +0 robe (heavily wounded)
You throw a tomahawk of dispersal.
The tomahawk of dispersal hits Pikel but does no damage.
Pikel is heavily wounded.
The slave hits you but does no damage.
Throwing (i - inventory. (/) - cycle)
e - a tomahawk of dispersal (quivered)
Press: ? - help, Shift-Dir - straight line, f/p - Pikel
Aim: Pikel, wielding a +2 whip of electrocution and wearing a +0 robe (heavily wounded)
You throw a tomahawk of dispersal.
The tomahawk of dispersal hits Pikel but does no damage.
Pikel is heavily wounded.
Pikel hits you but does no damage. The slave hits you but does no damage.
Pikel hits you but does no damage.
You hit Pikel.
Pikel is heavily wounded.
The slave hits you but does no damage. Pikel hits you but does no damage.
You are electrocuted!!
You die...

###.......###P.P#..
##........##.....
###<..............
##.................
#.......##.......##
###....####K.......
##...# #.........
####..#####[.......
#.♣Kp###..........#
#.p####...#p......#
##.# #..###p.....#
#.. #..# #.......#
##.#...###........
................
................
...p............
...............


You could see Pikel and 2 slaves.

Vanquished Creatures
  Sigmund (D:3)
  A sky beast (D:6)
  A slave (D:6)
  A black bear (D:6)
  An ogre (D:5)
  A phantom (D:5)
  A centaur (D:5)
  4 scorpions
  A howler monkey (D:6)
  3 hounds
  A centaur skeleton (D:4)
  An orc wizard (D:5)
  An iguana (D:6)
  3 worker ants
  A hound skeleton (D:5)
  A howler monkey skeleton (D:4)
  7 adders
  A shadow imp (D:5)
  An ooze (D:2)
  An adder skeleton (D:4)
  A worm (D:2)
  5 leopard geckos
  8 orcs
  12 bats
  4 giant cockroaches
  5 goblins
  5 hobgoblins
  11 jackals
  7 quokkas
  2 ball pythons
  5 frilled lizards
  7 kobolds
  A leopard gecko skeleton (D:4)
  2 leopard gecko zombies (D:5)
  4 rats
112 creatures vanquished.

Notes
Turn   | Place    | Note
-------+----------+-------------------------------------------
     0 | D:1      | Redear the Vine Stalker Warper began the quest for the Orb.
     0 | D:1      | Reached XP level 1. HP: 11/11 MP: 4/4
   109 | D:1      | HP: 1/11 [giant cockroach (1)]
   121 | D:1      | Reached skill level 2 in Fighting
   186 | D:1      | HP: 1/11 [hobgoblin (1)]
   201 | D:1      | HP: 1/11 [hobgoblin (1)]
   243 | D:1      | Reached skill level 2 in Long Blades
   243 | D:1      | Reached XP level 2. HP: 3/15 MP: 4/6
   673 | D:1      | Reached skill level 2 in Dodging
   733 | D:1      | Reached XP level 3. HP: 12/18 MP: 7/7
  1758 | D:2      | Gained mutation: Your natural rate of healing is unusually
                  | fast. [Vine Stalker growth]
  1758 | D:2      | Reached XP level 4. HP: 23/23 MP: 8/8
  1906 | D:2      | Found an iron altar of Okawaru.
  1922 | D:2      | Reached skill level 3 in Fighting
  1969 | D:3      | Reached skill level 3 in Long Blades
  1969 | D:3      | Reached XP level 5. HP: 22/28 MP: 4/9
  2348 | D:3      | Found a shimmering altar of Xom.
  2447 | D:3      | Noticed Sigmund
  2466 | D:3      | Killed Sigmund
  2466 | D:3      | Reached skill level 3 in Dodging
  2466 | D:3      | Reached XP level 6. HP: 21/32 MP: 6/10
  2789 | D:3      | Found a runed translucent door.
  2790 | D:3      | Noticed Crazy Yiuf
  3082 | D:4      | Found a bloodstained altar of Trog.
  3500 | D:4      | Reached skill level 4 in Fighting
  3500 | D:4      | Reached skill level 4 in Long Blades
  4048 | D:4      | Reached XP level 7. HP: 22/37 MP: 8/11
  4109 | D:5      | Entered Level 5 of the Dungeon
  4142 | D:5      | Got a polished leather armour
  4182 | D:5      | Identified the +3 leather armour of Asiprah {MR- Int+3
                  | Dex+6} (You found it on level 5 of the Dungeon)
  4240 | D:5      | Reached skill level 4 in Dodging
  4736 | D:5      | Gained mutation: You have razor-sharp teeth. [Vine Stalker
                  | growth]
  4736 | D:5      | Reached XP level 8. HP: 33/42 MP: 9/12
  5038 | D:5      | Reached skill level 5 in Fighting
  5038 | D:5      | Reached skill level 5 in Long Blades
  5289 | D:6      | Found a staircase to the Ecumenical Temple.
  5316 | D:6      | Found Jyugog's General Store.
  5324 | Temple   | Entered the Ecumenical Temple
  5443 | Temple   | Became a worshipper of Cheibriados the Contemplative
  5510 | D:6      | Learned a level 2 spell: Blink
  5516 | D:6      | Learned a level 2 spell: Shroud of Golubria
  5519 | D:6      | Learned a level 2 spell: Call Imp
  5523 | D:6      | Learned a level 3 spell: Conjure Flame
  5524 | D:6      | Found a hazy altar of Hepliaklqana.
  5579 | D:6      | Reached skill level 5 in Dodging
  5670 | D:6      | Noticed Pikel
  5689 | D:6      | Gained mutation: You tend to lose your temper in combat.
                  | [potion of mutation]
  5689 | D:6      | Gained mutation: You are partially covered in yellow
                  | scales. (AC +2) [potion of mutation]
  5701 | D:6      | HP: 4/66 [Pikel/+2 whip of electrocution (16)]
  5708 | D:6      | Mangled by Pikel

Levels and vault maps discovered:
D:1:      roderic_crop_circles_arrival_small, layout_loops_ring
D:2:      layout_basic, kennysheep_okawaru_gauntlet, first_ration
D:3:      layout_loops_ring, xom_teletrap_fun, serial_rivers,
          chequers_serial_rivers_micro_e, chequers_serial_rivers_micro_b,
          chequers_serial_rivers_large_b, chequers_serial_rivers_room_b,
          uniq_crazy_yiuf_cottage, uniq_sigmund
D:4:      layout_basic, lemuel_doored_altar
D:5:      layout_basic, corexii_leaking_fountain
D:6:      layout_cave_pools, marbit_many_paths, nicolae_overflow_hidden_temple,
          minmay_temple_entry_gardened_gates, serial_shops, shop_fountains,
          kennysheep_generic_room_14, uniq_pikel
Temple:   minmay_temple_curvy_loop

Skill      XL: |  1  2  3  4  5  6  7  8 |
---------------+-------------------------+-----
Fighting       | 2 3 4 5 |  5.5
Long Blades    | 2 3 4 5 |  5.5
Dodging        | 2 3 4 5 |  5.1
Throwing       | |  0.8
Armour         | |  0.7
Spellcasting   | |  2.1
Translocations | |  3.0

Action                   |  1- 3 |  4- 6 |  7- 9 || total
-------------------------+-------+-------+-------++-------
Melee: Short sword       |   158 |    46 |       ||   204
       Bite              |    28 |    39 |    91 ||   158
       Falchion          |     8 |    79 |   189 ||   276
Throw: Stone             |       |     6 |       ||     6
       Tomahawk          |       |     1 |     4 ||     5
  Use: Potion            |       |     1 |     5 ||     6
 Stab: Sleeping          |     1 |       |     2 ||     3
       Distracted        |       |       |     1 ||     1
  Eat: Chunk             |     2 |     8 |     2 ||    12
       Ration            |       |       |     1 ||     1
Armor: Leather armour    |    45 |    26 |    46 ||   117
       Skin              |       |       |    13 ||    13
Dodge: Dodged            |   123 |    69 |   156 ||   348
       Rpst.: Falchion   |     2 |    10 |    39 ||    51

Table legend:
 A = Non-vault XP
 B = Vault XP
 C = Vault XP percentage of total XP
 D = Non-vault monster count
 E = Vault monster count
 F = Vault count percentage of total count
                 A         B        C        D         E       F
            +---------+---------+-------+---------+---------+-------
      Total |    1602 |     227 |  12.4 |     108 |       3 |   2.7
            +---------+---------+-------+---------+---------+-------
        D:1 |      46 |       0 |   0.0 |      25 |       0 |   0.0
        D:2 |     112 |       4 |   3.4 |      21 |       2 |   8.7
        D:3 |      41 |     223 |  84.5 |      10 |       1 |   9.1
        D:4 |     265 |       0 |   0.0 |      13 |       0 |   0.0
        D:5 |     647 |       0 |   0.0 |      28 |       0 |   0.0
        D:6 |     491 |       0 |   0.0 |      11 |       0 |   0.0
            +---------+---------+-------+---------+---------+-------
